 Dungeon Crawl Stone Soup version 0.29-a0-194-g6e3aafee17 (webtiles) character file.

Game seed: 10705050995666730375

982 siradein the Shield-Bearer (level 7, 0/70 HPs)
             Began as a Troll Fighter on Feb 22, 2022.
             Was an Initiate of Qazlal.
             Killed from afar by a starcursed mass (7 damage)
             ... with an accursed screaming
             ... on level 1 of the Abyss.
             The game lasted 00:16:13 (3891 turns).

siradein the Shield-Bearer (Troll Fighter)          Turns: 3891, Time: 00:16:13

Health: 0/70       AC:  4    Str: 25    XL:     7   Next: 96%
Magic:  7/7        EV:  9    Int:  4    God:    Qazlal [......]
Gold:   125        SH:  8    Dex: 11    Spells: 6/6 levels left

rFire   . . .      SeeInvis .   m - +10 whip "Quenacs" {flame, Will+ Stlth+}
rCold   . . .      Faith    .   c - +0 kite shield
rNeg    . . .      Spirit   .   k - +0 animal skin
rPois   .          Reflect  .   (helmet restricted)
rElec   .          Harm     .   (no cloak)
rCorr   .          Rampage  .   (gloves unavailable)
Will    +....                   (boots unavailable)
Stlth   ++........              (no amulet)
HPRegen 0.00/turn               (no ring)
MPRegen 0.10/turn               (no ring)

@: sick
A: large, unfitting armour, claws 3, regeneration 1, shaggy fur 1, tough skin 1
a: Renounce Religion


You were on level 1 of the Abyss.
You worshipped Qazlal.
Qazlal was noncommittal.
You visited 2 branches of the dungeon, and saw 6 of its levels.
You visited the Abyss 1 time.

You collected 125 gold pieces.

Inventory:

Hand Weapons
 m - the +10 whip "Quenacs" (weapon) {flame, Will+ Stlth+}
   (You found it on level 2 of the Dungeon)

   It burns those it strikes, dealing additional fire damage.
   Will:      It increases your willpower.
   Stlth:     It makes you more stealthy.
 n - a +0 mace of venom
 s - a +0 hunting sling
Missiles
 a - 6 javelins
 g - 75 stones
 l - 2 poisoned darts (quivered)
 v - 2 boomerangs
Armour
 c - a +0 kite shield (worn)
 k - a +0 animal skin (worn)
Jewellery
 y - the ring "Equkhesa" {Ice Dex+2 Slay+2}
   (You found it on level 4 of the Dungeon)

   [ring of ice]

   It enhances your ice magic.
   Dex:       It affects your dexterity (+2).
   Slay:      It affects your accuracy & damage with ranged weapons and melee
   (+2).
   rF:        It makes you vulnerable to fire.
   rC:        It protects you from cold.
 B - a ring of see invisible
Wands
 b - a wand of digging (5)
 x - a wand of iceblast (7)
Scrolls
 o - a scroll of torment {unknown}
 r - a scroll of enchant armour {unknown}
 t - 2 scrolls of vulnerability {unknown}
 A - a scroll of acquirement {unknown}
Potions
 d - a potion of might
 e - a potion of invisibility {unknown}
 h - 2 potions of heal wounds
 j - 2 potions of attraction
 p - 2 potions of berserk rage
 q - a potion of brilliance {unknown}
 u - a potion of cancellation {unknown}
 w - a potion of mutation {unknown}
 z - a potion of flight {unknown}


   Skills:
 + Level 4.1 Fighting
 + Level 4.0 Maces & Flails
 + Level 2.7 Throwing
 + Level 4.2 Dodging
 + Level 4.2 Shields
 + Level 1.5 Invocations


You had 6 spell levels left.
You didn't know any spells.
Your spell library contained the following spells:

 Spells                   Type           Power      Damage    Failure   Level
 Foxfire                  Conj/Fire      0%         2x1d4     78%         1
 Freeze                   Ice            0%         1d3       78%         1
 Conjure Flame            Conj/Fire      0%         6-21      98%         3
 Frozen Ramparts          Ice            0%         1d2       98%         3
 Inner Flame              Hex/Fire       0%         N/A       98%         3
 Flame Wave               Conj/Fire      0%         2d4       100%        4
 Hailstorm                Conj/Ice       0%         3d3       100%        4


Dungeon Overview and Level Annotations

Branches:
Dungeon (5/15)             Temple (1/1) D:4

Altars:
Ashenzari
Cheibriados
Dithmenos
Elyvilon
Gozag
Hepliaklqana
Kikubaaqudgha
Makhleb
Nemelex Xobeh
Okawaru
Qazlal
Ru
Sif Muna
Trog
Uskayaw
Vehumet
Wu Jian
Xom
Yredelemnul
Zin
The Shining One

Annotations:
D:5 Dowan, Duvessa


Innate Abilities, Weirdness & Mutations

You are too large for most types of armour.
You have claws for hands.
Your natural rate of healing is unusually fast.
You are covered in fur. (AC +1)
You have tough skin. (AC +1)


Message History

HP restored.
A smoke demon appears in a shower of sparks.
The smoke demon roars!
An ancient zyme comes into view.
You feel yourself growing ill in the presence of the ancient zyme.
A blink frog comes into view.
You feel ill.
You feel ill. The ancient zyme hits you! The ancient zyme barely misses you.
A large abomination comes into view.
A large abomination comes into view.
As you read the scroll of teleportation, it crumbles to dust.
You feel strangely unstable.
You feel the power of the Abyss delaying your translocation!
You block the large abomination's attack.
The ancient zyme hits you! x2; You feel ill.
You feel ill.
You feel ill.
You are suddenly pulled into a different region of the Abyss!
Found a corrupted altar of Lugonu.
A starcursed mass comes into view.
A large abomination comes into view.
A starcursed mass splits.
A chorus of shrieks assaults your mind.
A starcursed mass splits.
A chorus of shrieks assaults your mind.
* * * LOW HITPOINT WARNING * * *
A starcursed mass splits.
A starcursed mass splits.
A blizzard demon comes into view.
A deafening chorus of shrieks assaults your mind!
* * * LOW HITPOINT WARNING * * *
You suddenly lose the ability to move!
You can move again.
A bone dragon comes into view.
A starcursed mass splits. x2
A small abomination comes into view.
There is an open door here.
A chorus of shrieks assaults your mind.
You die...

##### ##...## #.
#.....#
#...#.....#
#...#..D..#
#...#.....# ###
#... #.@.#
...##...###X#####'
..
.#...X......2...
...'..X.x.........
..#.X#.X.........
#...###'#####'#
..X# ...# x #.#.#
.... #...# ....#


You could see a bone dragon, 2 starcursed masses, a large abomination and a
small abomination.

Vanquished Creatures
  Sigmund (D:3)
  A black bear (D:4)
  2 ogres
  Blork the orc (D:5)
  A howler monkey (D:4)
  2 orc priests (D:4)
  2 hounds
  An iguana (D:5)
  Terence (D:1)
  Robin (D:2)
  7 gnolls
  2 howler monkey skeletons
  8 adders
  An adder skeleton (D:4)
  2 dart slugs (D:2)
  7 orcs
  5 bats
  10 endoplasms
  19 goblins
  12 hobgoblins
  3 jackals (D:3)
  A quokka (D:1)
  6 ball pythons
  3 frilled lizards
  5 kobolds
  10 rats
  A butterfly (D:4)
115 creatures vanquished.

Notes
Turn   | Place    | Note
-------+----------+-------------------------------------------
     0 | D:1      | siradein the Troll Fighter began the quest for the Orb.
     0 | D:1      | Reached XP level 1. HP: 22/22 MP: 0/0
   122 | D:1      | Reached XP level 2. HP: 26/29 MP: 1/1
   442 | D:2      | Noticed Terence
   462 | D:2      | HP: 1/29 [poisoned by Terence]
   595 | D:2      | Reached XP level 3. HP: 32/36 MP: 2/2
   724 | D:2      | Noticed Robin
   752 | D:2      | Killed Robin
   753 | D:2      | Reached XP level 4. HP: 34/44 MP: 3/3
   882 | D:2      | Identified the +10 whip "Quenacs" {flame, Will+ Stlth+}
  1044 | D:2      | Reached XP level 5. HP: 53/53 MP: 4/4
  1364 | D:1      | Killed Terence
  1474 | D:3      | Noticed an ogre
  1483 | D:3      | Killed an ogre
  1484 | D:3      | Reached skill level 1 in Throwing
  1509 | D:3      | Noticed Sigmund
  1539 | D:3      | Reached XP level 6. HP: 59/61 MP: 5/5
  1578 | D:3      | Killed Sigmund
  1900 | D:3      | Reached XP level 7. HP: 66/68 MP: 6/6
  2371 | D:4      | Found a staircase to the Ecumenical Temple.
  2380 | Temple   | Entered the Ecumenical Temple
  2713 | Temple   | Became a worshipper of Qazlal Stormbringer
  3144 | D:4      | Reached skill level 1 in Invocations
  3157 | D:4      | Identified the ring "Equkhesa" {Ice Dex+2 Slay+2}
  3484 | D:5      | Entered Level 5 of the Dungeon
  3615 | D:5      | Found a glowing golden altar of the Shining One.
  3625 | D:5      | Noticed Blork the orc
  3633 | D:5      | Killed Blork the orc
  3725 | D:5      | Noticed Duvessa
  3732 | D:5      | Noticed Dowan
  3740 | D:5      | Cast into level 1 of the Abyss (Duvessa)
  3740 | Abyss:1  | Found a corrupted altar of Lugonu.
  3780 | Abyss:1  | Noticed a smoke demon
  3806 | Abyss:1  | Noticed an ancient zyme
  3813 | Abyss:1  | Noticed a blink frog
  3824 | Abyss:1  | Noticed a large abomination
  3825 | Abyss:1  | Noticed a large abomination
  3845 | Abyss:1  | Found a corrupted altar of Lugonu.
  3882 | Abyss:1  | Noticed a starcursed mass
  3885 | Abyss:1  | Noticed a large abomination
  3887 | Abyss:1  | Noticed a blizzard demon
  3888 | Abyss:1  | Paralysed by accursed screaming for 1 turns
  3890 | Abyss:1  | Noticed a bone dragon
  3891 | Abyss:1  | Killed from afar by a starcursed mass

Illustrated notes

Levels and vault maps discovered:
D:1:      dpeg_arrival_shelter, layout_rooms
D:2:      minmay_alternating_diamond, layout_rooms, minmay_diced_spiral,
          uniq_robin, uniq_terence
D:3:      layout_loops_cross, uniq_sigmund
D:4:      layout_layer_cave, minmay_temple_entry_butterflies
D:5:      layout_loops_ring, mainiacjoe_overflow_boulevard, fedhas_altar_4,
          uniq_eustachio, uniq_edmund, uniq_duvessa, uniq_blork_the_orc
Temple:   mainiacjoe_temple_cubbyholes
Abyss:1:  base:
Temple

Skill      XL: |  1  2  3  4  5  6  7 |
---------------+----------------------+-----
Maces & Flails | 2 3 4 |  4.0
Shields        | 3 4 |  4.2
Fighting       | 3 4 |  4.1
Dodging        | 3 4 |  4.2
Throwing       | 1 2 |  2.7
Invocations    | 1 |  1.5

Action                   |  1- 3 |  4- 6 |  7- 9 || total
-------------------------+-------+-------+-------++-------
Melee: Flail             |   111 |    22 |       ||   133
       Whip              |       |    67 |    59 ||   126
Throw: Dart              |       |     2 |     2 ||     4
  Use: Scroll            |       |       |     5 ||     5
 Stab: Sleeping          |       |     5 |     2 ||     7
Armor: Robe              |    41 |     3 |       ||    44
       Animal skin       |       |     7 |     5 ||    12
       Skin              |       |     2 |       ||     2
Dodge: Dodged            |    48 |    26 |    10 ||    84
Block: Kite shield       |    37 |    29 |    20 ||    86

Table legend: (Time is in decaauts)
 A = Elapsed time spent in this place.
 B = Non-inter-level travel time spent in this place.
 C = Inter-level travel time spent in this place.
 D = Time resting spent in this place.
 E = Time spent auto-exploring this place.
 F = Levels seen in this place.
 G = Mean time per level.
                   A        B        C        D        E       F      G
               +--------+--------+--------+--------+--------+-----+--------+
         Total |   3956 |   3785 |    171 |      0 |   2676 |   7 |  565.1 |
       Dungeon |   3446 |   3275 |    171 |      0 |   2353 |   5 |  689.2 |
        Temple |    359 |    359 |      0 |      0 |    286 |   1 |  359.0 |
         Abyss |    150 |    150 |      0 |      0 |     37 |   1 |  150.0 |
               +--------+--------+--------+--------+--------+-----+--------+

Top non-repeatable levels by time:
     D:4: 1042 daAuts
     D:1: 740 daAuts
     D:2: 708 daAuts
     D:3: 698 daAuts
  Temple: 359 daAuts
     D:5: 256 daAuts
 Abyss:1: 150 daAuts
